 Dungeon Crawl Stone Soup version 0.27.0-1-g7a08968 (webtiles) character file.

Game seed: 9695460438794601215

266 thesequoiad the Shield-Bearer (level 6, -9/56 HPs)
             Began as a Minotaur Fighter on Aug 11, 2021.
             Was an Initiate of Okawaru.
             Mangled by Duvessa (12 damage)
             ... on level 3 of the Dungeon.
             The game lasted 00:06:03 (3168 turns).

thesequoiad the Shield-Bearer (Minotaur Fighter)    Turns: 3168, Time: 00:06:03

Health: -9/56      AC:  8    Str: 23    XL:     6   Next: 0%
Magic:  5/5        EV:  8    Int:  5    God:    Okawaru [......]
Gold:   143        SH: 10    Dex:  9    Spells: 5/5 levels left

rFire    . . .     SeeInvis .   a - +0 war axe
rCold    . . .     Faith    .   c - +0 kite shield
rNeg     . . .     Spirit   .   b - +0 scale mail
rPois    .         Reflect  .   (helmet restricted)
rElec    .         Harm     .   n - +0 cloak
rCorr    .         Rampage  .   (no gloves)
Will     .....                  (no boots)
Stlth    ..........             (no amulet)
HPRegen  0.18/turn              h - ring of flight
MPRegen  0.09/turn              (no ring)

@: mighty, flying
A: horns 2, retaliatory headbutt
a: Renounce Religion


You were on level 3 of the Dungeon.
You worshipped Okawaru.
Okawaru was noncommittal.
You visited 1 branch of the dungeon, and saw 4 of its levels.

You collected 143 gold pieces.

Inventory:

Hand Weapons
 a - a +0 war axe (weapon)
 i - a +2 short sword of draining
Missiles
 l - 29 poisoned darts (quivered)
Armour
 b - a +0 scale mail (worn)
 c - a +0 kite shield (worn)
 n - a +0 cloak (worn)
Jewellery
 h - a ring of flight (left hand)
Scrolls
 e - a scroll of enchant weapon {unknown}
 f - 11 scrolls of identify {unknown}
 g - a scroll of teleportation {unknown}
 j - a scroll of summoning {unknown}
 o - a scroll of torment {unknown}
 p - a scroll of fear {unknown}
 r - a scroll of blinking {unknown}
 u - 2 scrolls of immolation {unknown}
Potions
 d - 2 potions of might
 k - a potion of haste {unknown}
 m - a potion of attraction {unknown}
 q - a potion of invisibility {unknown}
 s - a potion of mutation {unknown}
 t - a potion of brilliance {unknown}


   Skills:
 + Level 5.0 Fighting
 + Level 4.2 Axes
 - Level 5.0 Armour
 * Level 5.3 Shields


You had 5 spell levels left.
You didn't know any spells.
Your spell library was empty.

Dungeon Overview and Level Annotations

Branches:
Dungeon (4/15)
 Temple: D:4-7

Altars:
Nemelex Xobeh
Okawaru

Shops:
D:3 (

Annotations:
D:2 1 runed translucent door, Crazy Yiuf
D:3 Duvessa
D:4 Grinder


Innate Abilities, Weirdness & Mutations

You have a pair of horns on your head.
You reflexively headbutt those who attack you in melee.


Message History

Okawaru accepts your kill.
Duvessa screams, "No!
How DARE you!"
Duvessa goes berserk!
You hit the water moccasin skeleton. You block Duvessa's attack.
The water moccasin skeleton bites you but does no damage.
Your Fighting skill increases to level 5!
You have reached level 6!
Your experience leads to an increase in your attributes!
Increase (S)trength, (I)ntelligence, or (D)exterity?
You feel stronger.
Duvessa hits you with a +3 short sword of electrocution.
You are electrocuted!!
The water moccasin skeleton bites you but does no damage.
You block Duvessa's attack. The water moccasin skeleton bites you.
You fly upwards.
There is a stone staircase leading down here.
You are too injured to fight recklessly!
Unknown command.
You block Duvessa's attack. You block Duvessa's attack.
Okay, then.
You aren't carrying any items that you can evoke.
Unknown command.
Unknown command.
Okay, then.
You feel very mighty all of a sudden. You block Duvessa's attack.
You hit Duvessa.
Duvessa is lightly wounded.
Duvessa hits you with a +3 short sword of electrocution.
* * * LOW HITPOINT WARNING * * *
You block Duvessa's attack. x2
You hit Duvessa.
Duvessa is lightly wounded.
Duvessa hits you with a +3 short sword of electrocution!
* * * LOW HITPOINT WARNING * * *
Duvessa closely misses you. You block Duvessa's attack.
Duvessa hits you with a +3 short sword of electrocution!
You die...

##### #...# #...# ### #...#
#.. #...# #.. #.>.#
######### ##..
#...######.......# ###...
#.......##.......# #....#
#...###..e@..>...#####.##.#
##.##...##.......#.......).
##..##...##......([.....#..#
#..###...##......[)<........
#.###....##........####.....
#.##.....###....##.####...##
#.##.........#.###.##.......
#############..# #....###...
##...#...# #.## #......)...


You could see Duvessa (berserk).

Vanquished Creatures
  Dowan (D:4)
  A jelly (D:3)
  An orc priest (D:3)
  An orc wizard (D:2)
  An adder (D:2)
  2 worms
  2 dart slugs (D:2)
  7 orcs (D:3)
  4 ball pythons
  11 bats
  12 endoplasms
  5 goblins
  12 hobgoblins
  23 jackals
  4 quokkas
  3 kobolds
  A rat (D:2)
91 creatures vanquished.

Vanquished Creatures (others)
  3 fungi (D:2)
3 creatures vanquished.

Grand Total: 94 creatures vanquished

Notes
Turn   | Place    | Note
-------+----------+-------------------------------------------
     0 | D:1      | thesequoiad the Minotaur Fighter began the quest for the
                  | Orb.
     0 | D:1      | Reached XP level 1. HP: 19/19 MP: 0/0
    96 | D:1      | Reached XP level 2. HP: 17/27 MP: 1/1
   512 | D:1      | Reached XP level 3. HP: 20/30 MP: 2/2
  1368 | D:2      | Reached XP level 4. HP: 38/40 MP: 3/3
  2031 | D:2      | Found a runed translucent door.
  2032 | D:2      | Noticed Crazy Yiuf
  2130 | D:3      | Reached skill level 5 in Armour
  2240 | D:3      | Found a sparkling altar of Nemelex Xobeh.
  2335 | D:2      | Reached XP level 5. HP: 34/47 MP: 4/4
  2715 | D:3      | Found an iron altar of Okawaru.
  2719 | D:3      | Became a worshipper of Warmaster Okawaru
  2865 | D:3      | Found a faded altar of an unknown god.
  2933 | D:3      | Reached skill level 5 in Shields
  3045 | D:3      | Found Doappip's Antique Weapon Shop.
  3070 | D:4      | Noticed Duvessa
  3070 | D:4      | Noticed Dowan
  3107 | D:4      | Noticed Grinder
  3108 | D:4      | Paralysed by Grinder for 3 turns
  3155 | D:4      | Killed Dowan
  3156 | D:4      | Reached skill level 5 in Fighting
  3156 | D:4      | Reached XP level 6. HP: 40/56 MP: 5/5
  3164 | D:3      | HP: 2/56 [Duvessa (14)]
  3168 | D:3      | Mangled by Duvessa

Illustrated notes

Levels and vault maps discovered:
D:1:      tarquinn_simple_flora_water_b, layout_basic, minmay_pentomino_v4
D:2:      layout_basic, grunt_ministairs_14, nicolae_underground_beach,
          uniq_crazy_yiuf_cottage
D:3:      layout_rooms, marbit_many_paths, nicolae_overflow_crystal_walls,
          serial_shops, nicolae_shop_waterfront,
          hellmonk_ecumenical_altar_run_dry
D:4:      layout_rooms, uniq_duvessa, uniq_ijyb, uniq_grinder

Skill      XL: |  1  2  3  4  5 |
---------------+----------------+-----
Armour         | 4 5 |  5.0
Shields        | 4 5 |  5.3
Fighting       | 4 5 |  5.0
Axes           | 3 4 |  4.2

Action                   |  1- 3 |  4- 6 || total
-------------------------+-------+-------++-------
Melee: War axe           |    93 |    99 ||   192
       Headbutt          |    11 |    17 ||    28
  Use: Potion            |       |     1 ||     1
Armor: Scale mail        |    76 |    53 ||   129
Dodge: Dodged            |    41 |    32 ||    73
Block: Kite shield       |    65 |    67 ||   132
